 Dungeon Crawl Stone Soup version 0.23.2-40-g277498a001 (webtiles) character file.

Game seed: 7730764362418839786

516 Kae the Carver (level 7, -3/57 HPs)
             Began as a Minotaur Fighter on Aug 22, 2019.
             Slain by an ogre
             ... wielding a +0 giant club
              (22 damage)
             ... on level 5 of the Dungeon.
             The game lasted 00:03:30 (3079 turns).

Kae the Carver (Minotaur Fighter)                   Turns: 3079, Time: 00:03:31

Health: -3/57      AC:  6    Str: 21    XL:     7   Next: 0%
Magic:  6/6        EV:  7    Int:  6    God:
Gold:   205        SH:  9    Dex: 10    Spells: 6/6 levels left

rFire    . . .     SeeInvis .   a - +1 long sword
rCold    . . .     Gourm    .   c - +0 shield
rNeg     . . .     Faith    .   b - +0 scale mail
rPois    .         Spirit   .   (helmet restricted)
rElec    .         Reflect  .   (no cloak)
rCorr    .         Harm     .   (no gloves)
MR       .....                  (no boots)
Stlth    ..........             (no amulet)
HPRegen  0.19/turn              k - ring of wizardry
MPRegen  0.10/turn              (no ring)

@: no status effects
A: retaliatory headbutt, horns 2
a: no special abilities


You were on level 5 of the Dungeon.
You were not hungry.

You visited 1 branch of the dungeon, and saw 5 of its levels.

You collected 205 gold pieces.

Inventory:

Hand Weapons
 a - a +1 long sword (weapon)
Armour
 b - a +0 scale mail (worn)
 c - a +0 shield (worn)
Jewellery
 k - a ring of wizardry (left hand)
 r - an uncursed amulet of faith {unknown}
Wands
 o - a wand of random effects (10)
Scrolls
 g - a scroll of teleportation
 i - 6 scrolls of identify
 m - 3 scrolls of amnesia
 p - a scroll of magic mapping
Potions
 d - 2 potions of might
 e - 4 potions of degeneration
 h - 5 potions of flight {unknown}
 j - a potion of berserk rage {unknown}
 l - a potion of heal wounds
 n - a potion of cancellation
Comestibles
 f - 3 rations
 q - 5 chunks of flesh


   Skills:
 - Level 3.6 Fighting
 + Level 9.2 Long Blades
 - Level 3.6 Armour
 - Level 3.6 Shields


You had 6 spell levels left.
You didn't know any spells.
Your spell library contained the following spells:

 Spells                   Type           Power        Failure   Level  Hunger
 Magic Dart               Conj           #...         90%         1    ##.....
 Blink                    Tloc           N/A          96%         2    ###....
 Call Imp                 Summ           #.......     96%         2    ###....
 Slow                     Hex            #.......     96%         2    ###....
 Conjure Flame            Conj/Fire      #.......     99%         3    ####...
 Mephitic Cloud           Conj/Pois/Air  #.......     99%         3    ####...


Dungeon Overview and Level Annotations

Branches:
Dungeon (5/15)
 Temple: D:4-7

Altars:
Ru


Innate Abilities, Weirdness & Mutations

You reflexively headbutt those who attack you in melee.
You have a pair of horns on your head.


Message History

The centaur closely misses you.
You slash the centaur! You headbutt the centaur.
The centaur is severely wounded.
You block the centaur's attack.
You hit the centaur.
You kill the centaur!
Your Long Blades skill increases to level 9!
You have reached level 7!
Things that are here:
a +0 shortbow of velocity; 15 arrows You hit the ogre.
The ogre is lightly wounded.
The ogre hits you with a +0 giant club!
You hit the ogre. You headbutt the ogre!
The ogre is heavily wounded.
You block the ogre's attack.
You hit the ogre.
The ogre is severely wounded.
The ogre hits you with a +0 giant club!!
You die...

... ... #.#
#.# #.# #.#
#O#
#@##########
#)#<.......#
#.##..####.
#.(...#
#####.# #.#
#.# #.# #.#


You could see an ogre.

Vanquished Creatures
  Sigmund (D:4)
  An ogre (D:4)
  A centaur (D:5)
  A bullfrog zombie (D:5)
  7 adders
  3 oozes
  2 adder skeletons (D:4)
  2 worms
  A dart slug (D:2)
  A leopard gecko (D:2)
  13 orcs
  14 bats
  3 giant cockroaches
  2 goblins (D:3)
  2 hobgoblins (D:2)
  8 jackals
  A quokka (D:3)
  A ball python skeleton (D:4)
  6 frilled lizards
  8 kobolds
  4 rats
82 creatures vanquished.

Notes
Turn   | Place    | Note
-------+----------+-------------------------------------------
     0 | D:1      | Kae the Minotaur Fighter began the quest for the Orb.
     0 | D:1      | Reached XP level 1. HP: 19/19 MP: 0/0
   195 | D:1      | Reached skill level 3 in Long Blades
   218 | D:1      | Reached XP level 2. HP: 26/26 MP: 1/1
   693 | D:2      | Reached skill level 4 in Long Blades
   891 | D:2      | Reached XP level 3. HP: 30/31 MP: 2/2
  1100 | D:2      | Reached skill level 5 in Long Blades
  1279 | D:2      | Reached XP level 4. HP: 36/39 MP: 3/3
  1481 | D:3      | Reached skill level 6 in Long Blades
  2101 | D:4      | Reached XP level 5. HP: 39/45 MP: 4/4
  2424 | D:4      | Noticed an ogre
  2433 | D:4      | Killed an ogre
  2433 | D:4      | Reached skill level 7 in Long Blades
  2622 | D:4      | Found a sacrificial altar of Ru.
  2876 | D:4      | Noticed Sigmund
  2906 | D:4      | Killed Sigmund
  2906 | D:4      | Reached skill level 8 in Long Blades
  2906 | D:4      | Reached XP level 6. HP: 35/51 MP: 5/5
  3052 | D:5      | Entered Level 5 of the Dungeon
  3074 | D:5      | Reached skill level 9 in Long Blades
  3074 | D:5      | Reached XP level 7. HP: 34/57 MP: 6/6
  3079 | D:5      | Slain by an ogre

Skill      XL: |  1  2  3  4  5  6 |
---------------+-------------------+-----
Long Blades    | 3 4 5 6 8 9 |  9.2
Fighting       | |  3.6
Armour         | |  3.6
Shields        | |  3.6

Action                   |  1- 3 |  4- 6 |  7- 9 || total
-------------------------+-------+-------+-------++-------
Melee: Long sword        |   105 |   123 |     3 ||   231
       Headbutt          |    14 |    20 |     1 ||    35
  Use: Scroll            |       |     8 |       ||     8
  Eat: Chunk             |     1 |     3 |       ||     4
       Ration            |       |     1 |       ||     1
Armor: Scale mail        |    61 |    42 |       ||   103
Dodge: Dodged            |    35 |    32 |       ||    67
Block: Shield            |    63 |    49 |     1 ||   113
       Rpst.: Long sword |     9 |     8 |       ||    17
